 Dungeon Crawl Stone Soup version 0.29-a0-414-g5075937ec3 (webtiles) character file.

Game seed: 14570261313815407321

78 Glafi the Skirmisher (level 4, -3/42 HPs)
             Began as a Draconian Fighter on May 15, 2022.
             Slain by Terence
             ... wielding a +2 short sword of flaming
              (6 damage)
             ... on level 2 of the Dungeon.
             The game lasted 00:12:42 (1168 turns).

Glafi the Skirmisher (Draconian Fighter)            Turns: 1168, Time: 00:12:42

Health: -3/42      AC:  5    Str: 19    XL:     4   Next: 15%
Magic:  4/5        EV: 12    Int: 10    God:
Gold:   30         SH:  4    Dex: 10    Spells: 3/3 levels left

rFire   . . .      SeeInvis .   a - +0 long sword
rCold   . . .      Faith    .   b - +0 buckler
rNeg    . . .      Spirit   .   (body armour unavailable)
rPois   .          Reflect  .   (helmet restricted)
rElec   .          Harm     .   (no cloak)
rCorr   .          Rampage  .   (no gloves)
Will    .....                   (no boots)
Stlth   +.........              (no amulet)
HPRegen 0.14/turn               (no ring)
MPRegen 0.09/turn               (no ring)

@: no status effects
A: AC +5, unfitting armour, cold-blooded
a: no special abilities


You were on level 2 of the Dungeon.
You visited 1 branch of the dungeon, and saw 2 of its levels.

You collected 30 gold pieces.

Inventory:

Hand Weapons
 a - a +0 long sword (weapon)
Armour
 b - a +0 buckler (worn)
Scrolls
 d - a scroll of magic mapping {unknown}
Potions
 c - a potion of might
 e - a potion of heal wounds {unknown}


   Skills:
 * Level 5.0 Fighting
 + Level 2.8 Long Blades
 + Level 1.3(2.2) Axes
 + Level 1.3(2.2) Maces & Flails
 + Level 2.1(2.8) Polearms
 + Level 2.1(2.8) Staves
 + Level 1.6(1.8) Slings
 + Level 1.2 Bows
 + Level 1.2 Crossbows
 + Level 1.2(1.6) Throwing
 + Level 3.4 Dodging
 + Level 1.3 Stealth
 + Level 3.6 Shields
 + Level 1.3 Unarmed Combat
 + Level 1.3 Conjurations
 + Level 1.2 Hexes
 + Level 2.4 Summonings
 + Level 1.3 Necromancy
 + Level 1.3 Translocations
 + Level 2.6 Transmutations
 + Level 1.8 Fire Magic
 + Level 1.3 Ice Magic
 + Level 1.3 Air Magic
 + Level 1.3 Earth Magic
 + Level 1.3 Poison Magic
 + Level 1.5 Invocations
 + Level 1.3 Evocations


You had 3 spell levels left.
You didn't know any spells.
Your spell library was empty.

Dungeon Overview and Level Annotations

Branches:
Dungeon (2/15)

Altars:

Annotations:
D:2 Terence


Innate Abilities, Weirdness & Mutations

Your plain brown scales are hard. (AC +5)
You cannot fit into any form of body armour.
You are cold-blooded and may be slowed by cold attacks.


Message History

Your Summonings skill gained 2 levels and is now at level 2!
Your Necromancy skill increases to level 1!
Your Translocations skill increases to level 1!
Your Transmutations skill gained 2 levels and is now at level 2!
Your Fire Magic skill increases to level 1!
Your Ice Magic skill increases to level 1!
Your Air Magic skill increases to level 1!
Your Earth Magic skill increases to level 1!
Your Poison Magic skill increases to level 1!
Your Invocations skill increases to level 1!
Your Evocations skill increases to level 1!
You have reached level 4!
You feel stronger. Terence barely misses you.
You are too injured to fight recklessly!
You block Terence's attack. Terence attacks as you move away!
Terence closely misses you.
Found 5 gold pieces.
You hit Terence but do no damage. You tail-slap Terence.
Terence is heavily wounded.
Terence hits you with a +2 short sword of flaming!
Terence burns you.
Terence hits you with a +2 short sword of flaming.
* * * LOW HITPOINT WARNING * * *
Terence burns you.
* * * LOW HITPOINT WARNING * * *
You see here 5 gold pieces.
You barely miss Terence.
Terence is heavily wounded.
Terence closely misses you.
You barely miss Terence.
Terence is heavily wounded.
Terence hits you with a +2 short sword of flaming.
* * * LOW HITPOINT WARNING * * *
Terence burns you.
* * * LOW HITPOINT WARNING * * *
You closely miss Terence.
Terence is heavily wounded.
Terence hits you with a +2 short sword of flaming.
You die...

.. . .# ####### #.#
#.....# ####..
#.....# #...#
#.....# #...#
#...>.####...#
#@@.........##
############.###.#
#....# #.#### .
##########.# ..
######..........#
#.#...##.##########
.##...<..#.#
#...........#


You could see Terence.

Vanquished Creatures
  A gnoll (D:1)
  A dart slug (D:1)
  2 endoplasms (D:1)
  A giant cockroach (D:1)
  2 goblins (D:1)
  A hobgoblin (D:1)
  2 jackals (D:1)
  A quokka (D:1)
  2 ball pythons (D:1)
  A bat (D:1)
  A frilled lizard (D:1)
  5 kobolds (D:1)
  3 rats (D:1)
23 creatures vanquished.

Notes
Turn   | Place    | Note
-------+----------+-------------------------------------------
     0 | D:1      | Glafi the Draconian Fighter began the quest for the Orb.
     0 | D:1      | Reached XP level 1. HP: 19/19 MP: 1/1
   224 | D:1      | Reached XP level 2. HP: 25/26 MP: 2/2
   581 | D:1      | Reached XP level 3. HP: 29/33 MP: 3/3
   811 | D:1      | Reached skill level 4 in Fighting
  1051 | D:1      | Found a faded altar of an unknown god.
  1143 | D:2      | Noticed Terence
  1153 | D:2      | Reached skill level 5 in Fighting
  1153 | D:2      | Reached skill level 1 in Axes
  1153 | D:2      | Reached skill level 1 in Maces & Flails
  1153 | D:2      | Reached skill level 1 in Slings
  1153 | D:2      | Reached skill level 1 in Bows
  1153 | D:2      | Reached skill level 1 in Crossbows
  1153 | D:2      | Reached skill level 1 in Throwing
  1153 | D:2      | Reached skill level 1 in Stealth
  1153 | D:2      | Reached skill level 1 in Unarmed Combat
  1153 | D:2      | Reached skill level 1 in Conjurations
  1153 | D:2      | Reached skill level 1 in Hexes
  1153 | D:2      | Reached skill level 1 in Necromancy
  1153 | D:2      | Reached skill level 1 in Translocations
  1153 | D:2      | Reached skill level 1 in Fire Magic
  1153 | D:2      | Reached skill level 1 in Ice Magic
  1153 | D:2      | Reached skill level 1 in Air Magic
  1153 | D:2      | Reached skill level 1 in Earth Magic
  1153 | D:2      | Reached skill level 1 in Poison Magic
  1153 | D:2      | Reached skill level 1 in Invocations
  1153 | D:2      | Reached skill level 1 in Evocations
  1153 | D:2      | Reached XP level 4. HP: 21/42 MP: 3/5
  1168 | D:2      | Slain by Terence

Illustrated notes

Levels and vault maps discovered:
D:1:      dpeg_arrival_castle, layout_loops_corners,
          chequers_ecumenical_altar_grove
D:2:      layout_loops_cross, uniq_terence

Skill      XL: |  1  2  3 |
---------------+----------+-----
Dodging        | 3 |  3.4
Fighting       | 5 |  5.0
Axes           | 1 |  1.3
Maces & Flails | 1 |  1.3
Polearms       | 2 |  2.1
Staves         | 2 |  2.1
Slings         | 1 |  1.6
Bows           | 1 |  1.2
Crossbows      | 1 |  1.2
Throwing       | 1 |  1.2
Stealth        | 1 |  1.3
Unarmed Combat | 1 |  1.3
Conjurations   | 1 |  1.3
Hexes          | 1 |  1.2
Summonings     | 2 |  2.4
Necromancy     | 1 |  1.3
Translocations | 1 |  1.3
Transmutations | 2 |  2.6
Fire Magic     | 1 |  1.8
Ice Magic      | 1 |  1.3
Air Magic      | 1 |  1.3
Earth Magic    | 1 |  1.3
Poison Magic   | 1 |  1.3
Invocations    | 1 |  1.5
Evocations     | 1 |  1.3
Long Blades    | |  2.8
Shields        | |  3.6

Action                   |  1- 3 |  4- 6 || total
-------------------------+-------+-------++-------
Melee: Long sword        |    64 |     4 ||    68
       Tailslap          |     8 |     1 ||     9
  Use: Potion            |     1 |       ||     1
Armor: Skin              |    16 |       ||    16
Dodge: Dodged            |    42 |     3 ||    45
Block: Buckler           |    14 |     1 ||    15

Table legend: (Time is in decaauts)
 A = Elapsed time spent in this place.
 B = Non-inter-level travel time spent in this place.
 C = Inter-level travel time spent in this place.
 D = Time resting spent in this place.
 E = Time spent auto-exploring this place.
 F = Levels seen in this place.
 G = Mean time per level.
                   A        B        C        D        E       F      G
               +--------+--------+--------+--------+--------+-----+--------+
         Total |   1195 |   1161 |     34 |    101 |    867 |   2 |  597.5 |
       Dungeon |   1195 |   1161 |     34 |    101 |    867 |   2 |  597.5 |
               +--------+--------+--------+--------+--------+-----+--------+

Top non-repeatable levels by time:
     D:1: 1146 daAuts
     D:2: 49 daAuts
